 Dungeon Crawl Stone Soup version 0.23.2-33-g5129a83184 (webtiles) character file.

Game seed: 7508269185658478459

30 nago the Magician (level 3, -9/16 HPs)
             Began as a Vine Stalker Wizard on July 11, 2019.
             Killed from afar by a white imp (11 damage)
             ... with a puff of frost
             ... summoned by Natasha
             ... on level 1 of the Dungeon.
             The game lasted 00:01:37 (998 turns).

nago the Magician (Vine Stalker Wizard)              Turns: 998, Time: 00:01:37

Health: -9/16      AC:  2    Str: 10    XL:     3   Next: 18%
Magic:  0/9        EV: 12    Int: 18    God:
Gold:   64         SH:  0    Dex: 12    Spells: 1/9 levels left

rFire    . . .     SeeInvis .   e - +0 dagger
rCold    . . .     Gourm    .   (no shield)
rNeg     + . .     Faith    .   a - +0 robe
rPois    .         Spirit   +   b - +0 hat
rElec    .         Reflect  .   (no cloak)
rCorr    .         Harm     .   (no gloves)
MR       .....                  (no boots)
Stlth    ++........             (no amulet)
HPRegen  0.05/turn              k - ring of positive energy {rN+}
MPRegen  0.11/turn              (no ring)

@: slowed, very slow
A: fangs 2, magic shield, antimagic bite, no potion heal 3, rot immunity
a: no special abilities


You were on level 1 of the Dungeon.
You were not hungry.

You visited 1 branch of the dungeon, and saw 2 of its levels.

You collected 64 gold pieces.

Inventory:

Hand Weapons
 e - a +0 dagger (weapon)
   (You took it off a goblin on level 1 of the Dungeon)
Missiles
 g - a throwing net {=f, !d}
Armour
 a - a +0 robe (worn)
 b - a +0 hat (worn)
 j - a +0 pair of gloves
   (You found it on level 1 of the Dungeon)
Jewellery
 k - a ring of positive energy (left hand) {rN+}
   (You found it on level 1 of the Dungeon)
Scrolls
 c - a scroll of enchant armour {unknown}
 i - a scroll of identify {unknown}
Potions
 h - a potion of flight {unknown}
Comestibles
 d - 3 rations


   Skills:
 - Level 1.5 Dodging
 - Level 2.4 Stealth
 + Level 3.9 Spellcasting
 + Level 2.1 Conjurations
 + Level 1.1 Summonings
 - Level 1.0 Translocations


You had one spell level left.
You knew the following spells:

 Your Spells              Type           Power        Failure   Level  Hunger
b - Blink                 Tloc           N/A          16%         2    ##.....
c - Conjure Flame         Conj/Fire      #.......     28%         3    ###....
x - Call Imp              Summ           #.......     14%         2    ##.....
z - Magic Dart            Conj           ##..         6%          1    None

Your spell library contained the following spells:

 Spells                   Type           Power        Failure   Level  Hunger
 Slow                     Hex            #.......     22%         2    ##.....
 Mephitic Cloud           Conj/Pois/Air  #.......     32%         3    ###....


Dungeon Overview and Level Annotations

Branches:
Dungeon (2/15)

Altars:

Annotations:
D:1 Natasha


Innate Abilities, Weirdness & Mutations

You have extremely sharp teeth.
When hurt, damage is shared between your health and your magic reserves.
Your bite disrupts and absorbs the magic of your enemies.
Potions cannot restore your health.
You are immune to rotting.


Message History

(D) Dungeon
Where to? (? - help)
What level of the Dungeon? (default 1, ? - help)
There is a stone staircase leading down here.
You climb downwards.
Natasha, Servant of Life and Death comes into view.
Found 6 gold pieces.
Found a stone staircase leading down.
There is a stone staircase leading up here.
Spoiler Alert: Natasha can cast Slow, Mephitic Cloud, Call Imp, and go Invisible!
Casting: Magic Dart (safe; 6% risk of failure)
Confirm with . or Enter, or press ? or * to list all spells.
Aiming: Magic Dart (safe; 6% risk of failure)
Press: ? - help, Shift-Dir - straight line, f - Natasha
Aim: Natasha The magic dart hits Natasha.
Natasha is lightly wounded.
You now have 8/9 mp.
Spoiler Alert: Natasha can cast Slow, Mephitic Cloud, Call Imp, and go Invisible!
Casting: Magic Dart (safe; 6% risk of failure)
Confirm with . or Enter, or press ? or * to list all spells.
Aiming: Magic Dart (safe; 6% risk of failure)
Press: ? - help, Shift-Dir - straight line, f/p - Natasha
Aim: Natasha (lightly wounded)
The magic dart hits Natasha but does no damage.
Natasha is lightly wounded.
You now have 7/9 mp.
Spoiler Alert: Natasha can cast Slow, Mephitic Cloud, Call Imp, and go Invisible!
Casting: Magic Dart (safe; 6% risk of failure)
Confirm with . or Enter, or press ? or * to list all spells.
Aiming: Magic Dart (safe; 6% risk of failure)
Press: ? - help, Shift-Dir - straight line, f/p - Natasha
Aim: Natasha (lightly wounded)
The magic dart hits Natasha but does no damage.
Natasha is lightly wounded.
You now have 6/9 mp.
Spoiler Alert: Natasha can cast Slow, Mephitic Cloud, Call Imp, and go Invisible!
Casting: Magic Dart (safe; 6% risk of failure)
Confirm with . or Enter, or press ? or * to list all spells.
Aiming: Magic Dart (safe; 6% risk of failure)
Press: ? - help, Shift-Dir - straight line, f/p - Natasha
Aim: Natasha (lightly wounded)
The magic dart hits Natasha.
Natasha is moderately wounded.
You now have 5/9 mp.
Spoiler Alert: Natasha can cast Slow, Mephitic Cloud, Call Imp, and go Invisible!
Casting: Magic Dart (safe; 6% risk of failure)
Confirm with . or Enter, or press ? or * to list all spells.
Aiming: Magic Dart (safe; 6% risk of failure)
Press: ? - help, Shift-Dir - straight line, f/p - Natasha
Aim: Natasha (moderately wounded)
The magic dart hits Natasha but does no damage.
Natasha is moderately wounded.
Natasha misses you.
You now have 4/9 mp.
Spoiler Alert: Natasha can cast Slow, Mephitic Cloud, Call Imp, and go Invisible!
You closely miss Natasha. Your bite misses Natasha.
Natasha is moderately wounded.
Natasha stares at you and mumbles some strange words.
You feel yourself slow down.
Spoiler Alert: Natasha can cast Slow, Mephitic Cloud, Call Imp, and go Invisible!
You hit Natasha but do no damage. Your bite misses Natasha.
Natasha is moderately wounded.
Natasha casts a spell.
Spoiler Alert: Natasha can cast Slow, Mephitic Cloud, Call Imp, and go Invisible!
You closely miss Natasha.
Natasha is moderately wounded.
Natasha barely misses you. Natasha claws you!
You take 6 damage, and have 10/16 hp.
MASSIVE DAMAGE!!
You now have 3/9 mp.
Spoiler Alert: Natasha can cast Slow, Mephitic Cloud, Call Imp, and go Invisible!
The crimson imp closely misses you.
Natasha stares at you and mumbles some strange words.
You feel as though you will be slow longer.
The crimson imp barely misses you.
You climb upwards.
The crimson imp disappears in a puff of smoke!
There is a stone staircase leading down here.
Spoiler Alert: Natasha can cast Slow, Mephitic Cloud, Call Imp, and go Invisible!
Unknown command.
Spoiler Alert: Natasha can cast Slow, Mephitic Cloud, Call Imp, and go Invisible!
Casting: Magic Dart (safe; 6% risk of failure)
Confirm with . or Enter, or press ? or * to list all spells.
A beastly little devil appears in a puff of frigid air.
Natasha barely misses you.
Natasha casts a spell.
You now have 1/9 mp.
Warning x2: The white imp can cast Throw Frost!
Natasha can cast Slow, Mephitic Cloud, Call Imp, and go Invisible!
Unknown command.
Warning x2: The white imp can cast Throw Frost!
Natasha can cast Slow, Mephitic Cloud, Call Imp, and go Invisible!
You hit Natasha but do no damage.
Natasha is moderately wounded.
Natasha claws you!
Ouch! That really hurt!
* * * LOW HITPOINT WARNING * * *
Your white imp hits Natasha.
Your white imp freezes Natasha.
The white imp gestures at you. The puff of frost hits you!
Ouch! That really hurt!
You die...

....<.# #...#...........#
......# #.##...####.#####
#############.#..#.# #†.#
#.......##...##.# ##.#
#######.#..####.# #.#
##.......# #.# #.#
#..##.##.####.### #.#
###.###.##...h5...# #.#
####...###.....5@....# #.#
.....................# #.#
#.########.##...##.### #.#
..# #..##...##.# #.#
..#######.....#.##.# #.#
...#.......####.##.#####.#
...........# #.........#.#
....#.####.# #.........#.#
#...#.# #.###...÷.....#.#


You could see Natasha, a white imp and a friendly white imp.

Vanquished Creatures
  2 oozes (D:1)
  A leopard gecko (D:1)
  A giant cockroach (D:1)
  6 goblins (D:1)
  3 hobgoblins (D:1)
  2 bats (D:1)
  2 frilled lizards (D:1)
  A kobold (D:1)
  2 rats (D:1)
20 creatures vanquished.

Notes
Turn   | Place    | Note
-------+----------+-------------------------------------------
     0 | D:1      | nago the Vine Stalker Wizard began the quest for the Orb.
     0 | D:1      | Reached XP level 1. HP: 9/9 MP: 5/5
   162 | D:1      | Reached XP level 2. HP: 13/13 MP: 0/7
   166 | D:1      | Learned a level 2 spell: Blink
   169 | D:1      | Learned a level 2 spell: Call Imp
   370 | D:1      | Reached skill level 2 in Conjurations
   649 | D:1      | Reached XP level 3. HP: 16/16 MP: 1/9
   654 | D:1      | Learned a level 3 spell: Conjure Flame
   986 | D:2      | Noticed Natasha
   998 | D:1      | HP: 2/16 [Natasha (8)]
   998 | D:1      | Killed from afar by a white imp

Skill      XL: |  1  2 |
---------------+-------+-----
Conjurations   | 2 |  2.1
Dodging        | |  1.5
Stealth        | |  2.4
Spellcasting   | |  3.9
Summonings     | |  1.1
Translocations | |  1.0

Action                   || total
-------------------------++-------
Melee: Dagger            ||    43
       Bite              ||     5
 Cast: Magic Dart        ||    37
       Call Imp          ||     3
  Use: Scroll            ||     1
Armor: Robe              ||     4
Dodge: Dodged            ||    24

Levels and vault maps discovered:
D:1:      elethiomel_arrival_shortcut, layout_rooms
D:2:      layout_basic, uniq_terence, uniq_natasha

Table legend:
 A = Turns spent in this place as a percentage of turns spent in the entire game.
 B = Non-inter-level travel turns spent in this place as a percentage of non-inter-level travel turns spent in the entire game.
 C = Inter-level travel turns spent in this place as a percentage of turns spent in this place.
 D = Turns resting spent in this place as a percentage of non-inter-level travel turns spent in this place.
 E = Turns spent auto-exploring this place as a percentage of non-inter-level travel turns spent in this place.
 F = Non-inter-level travel turns spent in this place divided by the number of levels of this place that you've seen.
                   A       B       C       D       E      F
               +-------+-------+-------+-------+-------+----------------------
         Total | 100.0 | 100.0 |   3.4 |  50.4 |  32.7 | 482.0
       Dungeon | 100.0 | 100.0 |   3.4 |  50.4 |  32.7 | 482.0
               +-------+-------+-------+-------+-------+----------------------

Table legend:
 A = Kills in this place as a percentage of kills in entire the game.
 B = Kills by you in this place as a percentage of kills by you in the entire game.
 C = Kills by friends in this place as a percentage of kills by friends in the entire game.
 D = Other kills in this place as a percentage of other kills in the entire game.
 E = Experience gained in this place as a percentage of experience gained in the entire game.
 F = Experience gained in this place divided by the number of levels of this place that you have seen.
                   A       B       C       D       E      F
               +-------+-------+-------+-------+-------+----------------------
         Total | 100.0 | 100.0 |   N/A |   N/A | 100.0 |  21.5
       Dungeon | 100.0 | 100.0 |   N/A |   N/A | 100.0 |  21.5
               +-------+-------+-------+-------+-------+----------------------
